 Dungeon Crawl Stone Soup version 0.24-a0-616-ge2a249a (webtiles) character file.

Game seed: 5548110875027568910, levelgen mode: deterministic

3188 BoppinsLewinski the Cleaver (level 9, -18/67 HPs)
             Began as a Demonspawn Berserker on Sept 15, 2019.
             Was an Elder of Trog.
             Demolished by an orc warrior
             ... wielding a +0 battleaxe
              (31 damage)
             ... in a bailey.
             The game lasted 00:23:55 (7383 turns).

BoppinsLewinski the Cleaver (Demonspawn Berserker)  Turns: 7383, Time: 00:23:56

Health: -18/67     AC: 12    Str: 29    XL:     9   Next: 64%
Magic:  11/11      EV:  9    Int:  8    God:    Trog [****..]
Gold:   461        SH:  0    Dex: 13    Spells: 8/8 levels left

rFire    . . .     SeeInvis .   h - +1 hand axe (flame)
rCold    + . .     Gourm    .   (no shield)
rNeg     . . .     Faith    .   e - +0 plate armour
rPois    .         Spirit   .   (helmet restricted)
rElec    .         Reflect  .   (no cloak)
rCorr    .         Harm     .   (no gloves)
MR       .....                  (no boots)
Stlth    ..........             (no amulet)
HPRegen  0.21/turn              A - ring of ice
MPRegen  0.12/turn              l - +3 ring of strength

@: mighty, berserk cooldown, very slightly contaminated, hasted and slowed
A: antennae 1, rugged brown scales 1, deterioration 1, fire resistance 1, rot
immunity
a: Berserk, Trog's Hand, Brothers in Arms, Renounce Religion


You were in a bailey.
You worshipped Trog.
Trog was greatly pleased with you.
You were hungry.

You visited 1 branch of the dungeon, and saw 7 of its levels.
You also visited: Ossuary and Bailey.

You collected 461 gold pieces.

Inventory:

Hand Weapons
 h - a +1 hand axe of flaming (weapon)
Armour
 e - a +0 plate armour (worn)
Jewellery
 d - an uncursed amulet of guardian spirit {unknown}
 j - an uncursed ring of fire
 l - a +3 ring of strength (right hand)
 w - an uncursed ring of fire
 y - an uncursed amulet of faith {unknown}
 A - a ring of ice (left hand)
Wands
 m - a wand of acid (4)
 z - a wand of digging (8)
Scrolls
 f - 8 scrolls of remove curse
 g - 3 scrolls of immolation
 i - 3 scrolls of teleportation
 n - 4 scrolls of enchant armour {unknown}
 o - 4 scrolls of fear {unknown}
 v - a scroll of brand weapon {unknown}
 x - 2 scrolls of amnesia {unknown}
Potions
 t - a potion of flight {unknown}
Comestibles
 c - 6 rations


   Skills:
 + Level 4.5 Fighting
 * Level 10.9 Axes
 + Level 3.5 Armour
 + Level 3.6 Dodging
 + Level 3.2 Evocations


You had 8 spell levels left.
You didn't know any spells.
Your spell library was empty.

Dungeon Overview and Level Annotations

Branches:
Dungeon (7/15)             Temple (0/1) D:5         Ossuary (visited)
 Bailey (1/1)

Altars:
Fedhas
Gozag
Okawaru
Qazlal
Trog
Uskayaw
Vehumet
Xom


Innate Abilities, Weirdness & Mutations

You have a pair of small antennae on your head.
You are partially covered in rugged brown scales. (AC +1, +3% HP)
You are immune to rotting.
Your body sometimes deteriorates upon taking damage.
Your flesh is heat resistant. (rF+)


Message History

Ye be too injured ta fight recklessly!
Unknown command.
Ye be too injured ta fight recklessly!
Unknown command.
Ye hit tha orc knight.
Ye burn tha orc knight.
Tha orc knight be lightly wounded.
Ye hit tha orc knight.
Ye burn tha orc knight.
Unknown command.
Ye closely miss tha orc knight.
Tha orc knight be lightly wounded.
Ye hit tha orc knight but do nay damage.
An orc comes inta view.
It be wieldin' a +0 hand axe.
Tha orc knight roars a battlecry!
Tha orcs go inta a battle-frenzy!
Tha orc knight hits ye wit' a +0 war axe!
* * * LOW HITPOINT WARNIN'
* * * It was a potion o' mutation.
Ye feel 'stremely strange.
Ye feel yerself wastin' away.
Ye feel resistant ta heat.
Tha orc warrior hits ye wit' a +0 battleaxe!!
Ye die...

.## ..# 8g.
og ##o##
#g..# #oo.#
#@o)#
######+######
#^...≈.≈....#
#'###≈.≈###'#
#....≈.≈....#
#'###≈.≈###'#
#...K≈.≈K...#
#'###≈.≈###K#
#....≈.≈.K.K#


You could see 2 orc knights, an orc warrior, a gnoll, 2 orcs and 2 goblins.

Vanquished Creatures
  Grinder (D:3)
  A hippogriff (D:6)
  Sigmund (D:2)
  2 orc warriors
  A necrophage (D:6)
  2 phantoms
  5 ogres (D:6)
  3 centaurs (D:6)
  4 bullfrogs (D:6)
  2 water moccasin zombies (Ossuary)
  2 scorpions
  A howler monkey (D:7)
  A centaur zombie (D:5)
  2 orc priests (D:5)
  4 hounds
  2 jellies
  2 bullfrog skeletons (D:6)
  A centaur skeleton (D:5)
  Ijyb (D:4)
  Natasha (twice) (D:3)
  3 worker ants
  4 orc wizards
  4 big kobold zombies (Ossuary)
  A hound skeleton (D:3)
  3 mummies
  Robin (D:3)
  A worker ant zombie (D:6)
  4 gnolls
  11 adders
  An ooze (D:3)
  7 adder zombies (Ossuary)
  3 worms
  An adder skeleton (D:6)
  2 dart slugs (D:2)
  2 leopard geckos
  17 orcs
  7 bats
  4 giant cockroaches
  12 goblins
  12 hobgoblins
  7 jackals (D:2)
  A quokka (D:4)
  A ball python (D:1)
  7 frilled lizards
  A gnoll zombie (Ossuary)
  6 hobgoblin zombies
  A jackal skeleton (D:6)
  9 kobolds
  9 kobold zombies
  A leopard gecko skeleton (D:6)
  4 orc zombies (Ossuary)
  A quokka skeleton (D:6)
  12 rats
200 creatures vanquished.

Vanquished Creatures (others)
  A kobold (Bailey)
1 creature vanquished.

Grand Total: 201 creatures vanquished

Notes
Turn   | Place    | Note
-------+----------+-------------------------------------------
     0 | D:1      | BoppinsLewinski the Demonspawn Berserker began the quest
                  | for the Orb.
     0 | D:1      | Reached XP level 1. HP: 18/18 MP: 1/1
    55 | D:1      | Reached skill level 3 in Axes
   474 | D:1      | Gained mutation: You are immune to rotting. [demonic
                  | ancestry]
   474 | D:1      | Reached XP level 2. HP: 20/24 MP: 2/2
  1021 | D:2      | Reached XP level 3. HP: 29/29 MP: 3/3
  1093 | D:2      | Reached skill level 4 in Axes
  1148 | D:2      | Noticed Sigmund
  1162 | D:2      | Killed Sigmund
  1162 | D:2      | Reached ** piety under Trog
  1162 | D:2      | Reached skill level 5 in Axes
  1162 | D:2      | Gained mutation: You are partially covered in rugged brown
                  | scales. (AC +1, +3% HP) [demonic ancestry]
  1162 | D:2      | Reached XP level 4. HP: 18/36 MP: 4/4
  1162 | D:2      | Reached XP level 5. HP: 21/42 MP: 5/5
  1707 | D:2      | Reached skill level 6 in Axes
  2091 | D:3      | Noticed Robin
  2101 | D:3      | Killed Robin
  2101 | D:3      | Gained mutation: You have a pair of small antennae on your
                  | head. [demonic ancestry]
  2101 | D:3      | Reached XP level 6. HP: 48/48 MP: 6/6
  2251 | D:3      | Reached *** piety under Trog
  2363 | D:3      | Noticed Grinder
  2398 | D:3      | Killed Grinder
  2398 | D:3      | Reached skill level 7 in Axes
  2612 | D:3      | Noticed Natasha
  2635 | D:3      | Killed Natasha
  2635 | D:3      | Reached XP level 7. HP: 40/53 MP: 7/7
  2727 | D:3      | Noticed Natasha
  2734 | D:3      | Killed Natasha
  2828 | D:3      | Found a radiant altar of Vehumet.
  3261 | D:4      | Noticed Ijyb
  3307 | D:4      | Killed Ijyb
  3810 | D:4      | Found a stormy altar of Qazlal.
  3953 | D:5      | Entered Level 5 of the Dungeon
  4091 | D:5      | Reached skill level 8 in Axes
  4642 | D:5      | Reached skill level 9 in Axes
  4642 | D:5      | Reached XP level 8. HP: 59/59 MP: 8/8
  4698 | D:5      | Found a sand-covered staircase.
  4717 | Ossuary  | Entered an ossuary
  4878 | Ossuary  | Reached **** piety under Trog
  5101 | D:5      | Found a staircase to the Ecumenical Temple.
  5292 | D:6      | Found a hide-covered altar of Uskayaw.
  5298 | D:6      | Found an opulent altar of Gozag.
  5298 | D:6      | Found an iron altar of Okawaru.
  5298 | D:6      | Found a blossoming altar of Fedhas.
  5321 | D:6      | Reached skill level 10 in Axes
  5443 | D:6      | Found a bloodstained altar of Trog.
  5444 | D:6      | Found a shimmering altar of Xom.
  5663 | D:6      | Reached skill level 1 in Evocations
  6276 | D:6      | Reached XP level 9. HP: 43/66 MP: 10/10
  7162 | D:7      | Found a flagged portal.
  7176 | Bailey   | Entered a bailey
  7376 | Bailey   | Noticed an orc knight
  7377 | Bailey   | Noticed an orc knight
  7383 | Bailey   | Gained mutation: Your body sometimes deteriorates upon
                  | taking damage. [potion of mutation]
  7383 | Bailey   | Gained mutation: Your flesh is heat resistant. (rF+)
                  | [potion of mutation]
  7383 | Bailey   | Demolished by an orc warrior

Levels and vault maps discovered:
D:1:      dpeg_arrival_ratfight, layout_rooms
D:2:      layout_basic, uniq_sigmund
D:3:      layout_basic, marbit_many_paths, first_ration, uniq_robin,
          uniq_natasha, uniq_grinder
D:4:      layout_cave_pools, nicolae_qazlal_eye_of_the_storm, kennysheep_dice,
          uniq_ijyb
D:5:      layout_loops_corners, minmay_temple_entry_proselytizer,
          nicolae_ossuary_entry_giza
D:6:      kennysheep_windowed_halls, layout_basic, grunt_temple_overflow_open
D:7:      nicolae_whirlpool, layout_basic, nicolae_ru_sacrificial_ziggurat,
          enter_bailey_6
Bailey:   bailey_axe_1, bailey

Skill      XL: |  1  2  3  4  5  6  7  8  9 |
---------------+----------------------------+-----
Axes           | 3 5 6 7 9 10 | 10.9
Armour         | 2 3 |  3.5
Dodging        | 2 3 |  3.6
Evocations     | 1 3 |  3.2
Fighting       | 4 |  4.5

Action                   |  1- 3 |  4- 6 |  7- 9 || total
-------------------------+-------+-------+-------++-------
Melee: Hand axe          |    92 |   160 |   612 ||   864
Invok: Berserk           |     1 |     4 |     4 ||     9
       Trog's Hand       |       |     2 |     6 ||     8
Evoke: Wand              |       |       |     3 ||     3
  Use: Potion            |     1 |     2 |    10 ||    13
       Scroll            |       |       |     9 ||     9
  Eat: Chunk             |       |     7 |     5 ||    12
       Ration            |       |     1 |     5 ||     6
Armor: Animal skin       |     9 |       |       ||     9
       Chain mail        |    37 |    94 |    42 ||   173
       Leather armour    |     1 |       |       ||     1
       Plate armour      |       |       |   251 ||   251
       Skin              |       |       |    65 ||    65
Dodge: Dodged            |    62 |    78 |   207 ||   347

Table legend:
 A = Non-vault XP
 B = Vault XP
 C = Vault XP percentage of total XP
 D = Non-vault monster count
 E = Vault monster count
 F = Vault count percentage of total count
                 A         B        C        D         E       F
            +---------+---------+-------+---------+---------+-------
      Total |    2115 |    2440 |  53.6 |     115 |      85 |  42.5
            +---------+---------+-------+---------+---------+-------
        D:1 |      35 |       5 |  12.5 |      15 |       5 |  25.0
        D:2 |      91 |     223 |  71.0 |      26 |       1 |   3.7
        D:3 |     115 |     347 |  75.1 |      24 |      14 |  36.8
        D:4 |      81 |      38 |  31.9 |       3 |       2 |  40.0
        D:5 |     511 |      61 |  10.7 |      17 |       4 |  19.0
        D:6 |    1186 |    1280 |  51.9 |      28 |      19 |  40.4
        D:7 |      96 |       0 |   0.0 |       2 |       0 |   0.0
    Ossuary |       0 |     351 | 100.0 |       0 |      33 | 100.0
     Bailey |       0 |     135 | 100.0 |       0 |       7 | 100.0
            +---------+---------+-------+---------+---------+-------
